 Dungeon Crawl Stone Soup version 0.22-a0-348-gd16d139 (webtiles) character file.

419 grindst0ne the Charlatan (level 7, -2/55 HPs)
             Began as a Human Artificer on Apr 9, 2018.
             Slain by an ogre
             ... wielding a cursed -3 giant club
              (12 damage)
             ... on level 4 of the Dungeon.
             The game lasted 00:06:46 (3024 turns).

grindst0ne the Charlatan (Human Artificer)          Turns: 3024, Time: 00:06:47

Health: -2/55      AC:  9    Str: 14      XL:     7   Next: 16%
Magic:  11/11      EV:  6    Int: 12      God:
Gold:   165        SH:  0    Dex: 11 (13) Spells: 6/6 levels left

rFire    . . .     SeeInvis .   q - +1 scythe (vamp)
rCold    . . .     Gourm    .   (shield currently unavailable)
rNeg     . . .     Faith    .   n - +0 chain mail
rPois    .         Spirit   .   (no helmet)
rElec    .         Reflect  .   (no cloak)
rCorr    .         Harm     .   (no gloves)
MR       +....                  u - +0 pair of boots
Stlth    ..........             (no amulet)
HPRegen  0.18/turn              o - ring of protection from magic
MPRegen  0.12/turn              (no ring)

@: flying
A: no striking features
a: no special abilities


You were on level 4 of the Dungeon.
You were hungry.

You visited 1 branch of the dungeon, and saw 4 of its levels.

You collected 165 gold pieces.

Inventory:

Hand Weapons
 a - a +0 short sword
 q - a +1 vampiric scythe (weapon)
Armour
 b - a +0 leather armour
 h - a +0 ring mail
 l - a +0 plate armour
 n - a +0 chain mail (worn)
 u - a +0 pair of boots (worn)
 v - a +0 leather armour
Jewellery
 o - a ring of protection from magic (left hand)
 w - an uncursed amulet of regeneration {unknown}
Wands
 d - a wand of enslavement (10)
 e - a wand of random effects (15)
 x - a wand of digging (6)
Scrolls
 i - a scroll of remove curse
 j - 2 scrolls of fog {unknown}
 k - 2 scrolls of blinking {unknown}
 m - 5 scrolls of identify {unknown}
 p - a scroll of immolation {unknown}
 t - 2 scrolls of teleportation {unknown}
 y - a scroll of magic mapping {unknown}
Potions
 g - 3 potions of might
 s - 2 potions of curing
Comestibles
 f - 3 rations


   Skills:
 + Level 4.8 Fighting
 - Level 1.0 Short Blades
 - Level 2.0 Dodging
 - Level 1.0 Stealth
 + Level 5.7 Evocations


You had 6 spell levels left.
You didn't know any spells.

Dungeon Overview and Level Annotations

Branches:
Dungeon (4/15)
 Temple: D:4-7

Altars:
Dithmenos
Hepliaklqana
Nemelex Xobeh
Ru
Trog
The Shining One

Annotations:
D:2 exclusion: downstairs
D:3 graki42's ghost, amateur HOFi
D:4 Eustachio


Message History

You feel sick.
Eustachio screams, "This atrocity can only be purified with blood!"
The bat barely misses you.
Your ogre misses the bat. The bat hits you.
* * * LOW HITPOINT WARNING * * *
The river rat bites you!
* * * LOW HITPOINT WARNING * * *
The bat barely misses you.
Your adder misses the bat.
Eustachio gestures wildly while chanting.
It was a potion of flight.
You feel very buoyant.
You fly up into the air.
The river rat disappears in a puff of smoke!
The ogre is no longer charmed.
Your adder completely misses the bat.
The bat hits you but does no damage. The rat bites you but does no damage.
Your adder barely misses the bat.
It was a potion of curing.
You feel better. The bat hits you but does no damage.
The rat bites you but does no damage. The ogre hits you with a giant club!
You die...

#.##......#..###.# .##.
#..###<...###.##....
.##.....###........#
..........####.r.....#
##...####...((.......##
#.#. ######........#.
#.#. #(.r@...... # #
#..SO)...#. #..@r......
###b.##...# ##..#....
.... .. ..... .......
....... .......


You could see Eustachio, an ogre, a quokka, a bat, 2 rats and a friendly adder.

Vanquished Creatures
  Grinder (D:3)
  Sigmund (D:2)
  An orc priest (D:3)
  Ijyb (D:3)
  3 adders
  A worm (D:2)
  A dart slug (D:2)
  3 leopard geckos (D:2)
  5 orcs
  2 ball pythons (D:2)
  2 bats (D:2)
  4 goblins
  A hobgoblin (D:2)
  5 jackals
  2 quokkas (D:2)
  2 frilled lizards (D:1)
  4 kobolds
  2 rats
41 creatures vanquished.

Vanquished Creatures (others)
  A centaur (D:4)
1 creature vanquished.

Grand Total: 42 creatures vanquished

Notes
Turn   | Place    | Note
-------+----------+-------------------------------------------
     0 | D:1      | grindst0ne the Human Artificer began the quest for the Orb.
     0 | D:1      | Reached XP level 1. HP: 15/15 MP: 3/3
   296 | D:1      | Reached XP level 2. HP: 12/21 MP: 4/4
   688 | D:2      | Found a shadowy altar of Dithmenos.
   777 | D:2      | Reached XP level 3. HP: 6/27 MP: 5/5
  1096 | D:2      | Noticed Sigmund
  1115 | D:2      | HP: 1/27 [something/puff of flame (9)]
  1151 | D:2      | Killed Sigmund
  1151 | D:2      | Reached skill level 4 in Evocations
  1151 | D:2      | Reached XP level 4. HP: 4/37 MP: 5/7
  1151 | D:2      | Reached XP level 5. HP: 4/42 MP: 5/8
  1151 | D:2      | Reached XP level 6. HP: 5/48 MP: 5/9
  1695 | D:3      | Reached skill level 5 in Evocations
  2028 | D:3      | Found a bloodstained altar of Trog.
  2065 | D:3      | Found a glowing golden altar of the Shining One.
  2065 | D:3      | Found a sacrificial altar of Ru.
  2092 | D:3      | Found a hazy altar of Hepliaklqana.
  2487 | D:3      | Noticed Ijyb
  2488 | D:3      | Noticed Grinder
  2517 | D:3      | Killed Grinder
  2517 | D:3      | Reached XP level 7. HP: 39/55 MP: 9/11
  2546 | D:3      | Killed Ijyb
  2598 | D:3      | Noticed graki42's ghost (amateur HOFi)
  2714 | D:3      | Found a sparkling altar of Nemelex Xobeh.
  2961 | D:4      | Noticed Eustachio
  3021 | D:4      | HP: 2/55 [river rat[Eustachio] (7)]
  3024 | D:4      | Slain by an ogre

Vault maps used:
D:1:      dpeg_arrival_radiant
D:2:      grunt_dithmenos_smoke, uniq_sigmund
D:3:      lemuel_doored_altar, gammafunk_temple_overflow_forgotten,
          overflow_temple_1_default, hangedman_decor_points, uniq_ijyb,
          uniq_grinder
D:4:      marbit_many_paths, bloody_makhleb, lemuel_crystal_altar,
          chequers_ossuary_entry_cave, first_ration, interstate_on_off,
          uniq_eustachio

Skill      XL: |  1  2  3  4  5  6 |
---------------+-------------------+-----
Fighting       | 2 3 4 |  4.8
Evocations     | 4 5 |  5.7
Short Blades   | |  1.0
Dodging        | |  2.0
Stealth        | |  1.0

Action                   |  1- 3 |  4- 6 |  7- 9 || total
-------------------------+-------+-------+-------++-------
Melee: Short sword       |    83 |     8 |       ||    91
       Scythe            |       |    67 |    42 ||   109
Evoke: Wand              |    13 |     3 |     4 ||    20
  Use: Potion            |     2 |       |     2 ||     4
       Scroll            |       |     1 |       ||     1
  Eat: Chunk             |       |     3 |     1 ||     4
       Ration            |       |     2 |       ||     2
Armor: Ring mail         |    45 |     5 |       ||    50
       Chain mail        |       |    73 |    81 ||   154
Dodge: Dodged            |    62 |    47 |    49 ||   158

Table legend:
 A = Spawn XP
 B = Non-spawn XP
 C = Spawn XP percentage of total XP
 D = Spawn monster count
 E = Non-spawn monster count
 F = Spawn count percentage of total count
 G = Total turns spent on level
                    A         B        C        D         E        F      G
               +---------+---------+-------+---------+---------+-------+---------
         Total |       0 |     599 |   0.0 |       0 |      41 |   0.0 |  3024
               +---------+---------+-------+---------+---------+-------+---------
           D:1 |       0 |      13 |   0.0 |       0 |       8 |   0.0 |   688
           D:2 |       0 |     294 |   0.0 |       0 |      21 |   0.0 |  1288
           D:3 |       0 |     292 |   0.0 |       0 |      12 |   0.0 |   985
               +---------+---------+-------+---------+---------+-------+---------
